 Dungeon Crawl Stone Soup version 0.16-a0-262-g6fc725f (webtiles) character file.

717 Johnny the Charmwright (level 7, 0/57 HPs)
             Began as a Demigod Skald on Aug 25, 2014.
             Slain by lennard's ghost (10 damage)
             ... on Level 5 of the Dungeon.
             The game lasted 00:17:26 (6131 turns).

Johnny the Charmwright (Demigod Skald)              Turns: 6131, Time: 00:17:26

HP   0/57        AC 12     Str 21      XL: 7   Next: 18%
MP  15/18        EV 11     Int 14      God:
Gold 184         SH  0     Dex 18      Spells:  3 memorised,  6 levels left

rFire  . . .     SeeInvis .     g - +4 quarterstaff (chaos)
rCold  . . .     Clarity  .     H - +4 ring mail of Makhleb's Anger {Str+3 Dex+2 Int-3}
rNeg   . . .     rCorr    .     (no shield)
rPois  .         rRot     .     (no helmet)
rElec  .         Spirit   .     q - +2 cloak
SustAb .         Warding  .     (no gloves)
rMut   .         Stasis   .     (no boots)
Gourm  .                        (no amulet)
MR     .....                    (no ring)
                                (no ring)

@: infused, very slightly contaminated, not resistant to hostile enchantments,
very unstealthy
A: no striking features
a: no special abilities


You were on level 5 of the Dungeon.
You were not hungry.

You visited 1 branch of the dungeon, and saw 5 of its levels.

You collected 184 gold pieces.

Inventory:

Hand weapons
 a - a +0 short sword
 d - a +2 dagger of venom
 g - a +4 quarterstaff of chaos (weapon)
 p - a +0 hammer
 I - a +0 halberd
Armour
 b - a +0 leather armour
 q - a +2 cloak (worn)
 H - the +4 ring mail of Makhleb's Anger (worn) {Str+3 Dex+2 Int-3}
   (You found it on level 4 of the Dungeon)

   It affects your strength (+3).
   It affects your intelligence (-3).
   It affects your dexterity (+2).
Magical devices
 x - a wand of fire (9) {unknown}
 C - a wand of confusion (9)
Comestibles
 t - 3 meat rations
 v - a slice of pizza
 w - 2 bread rations
 E - a chunk of hobgoblin flesh
 J - a chunk of gnoll flesh
 K - 2 chunks of gnoll flesh
Scrolls
 f - 5 scrolls of identify {unknown}
 h - a scroll of noise {unknown}
 j - 3 scrolls of remove curse {unknown}
 k - 2 scrolls of teleportation {unknown}
 m - a scroll of immolation {unknown}
 n - a scroll of fog {unknown}
 y - a scroll of fear {unknown}
 B - a scroll of enchant weapon {unknown}
 F - a scroll of random uselessness {unknown}
Jewellery
 l - an uncursed ring of protection from magic {unknown}
Potions
 e - a potion of brilliance {unknown}
 i - 2 potions of haste {unknown}
 o - 2 potions of invisibility {unknown}
 s - 2 potions of resistance {unknown}
 u - a potion of restore abilities {unknown}
 z - 2 potions of agility
 A - a potion of lignification {unknown}
 D - a potion of poison {unknown}
 G - 2 potions of curing {unknown}
Books
 c - a book of Battle

   Spells                             Type                      Level
   *Infusion                          Charms                       1
   *Shroud of Golubria                Charms/Translocation         2
   Song of Slaying                    Charms                       2
   *Spectral Weapon                   Hexes/Charms                 3
   Regeneration                       Charms/Necromancy            3
Miscellaneous
 r - a plain deck of escape


   Skills:
 + Level 3.2 Fighting
 + Level 2.4 Short Blades
 + Level 2.0 Staves
 + Level 2.7 Armour
 + Level 3.1 Dodging
 + Level 1.1 Stealth
 + Level 3.2 Spellcasting
 + Level 4.0 Charms
 + Level 0.3 Translocations


You had 6 spell levels left.
You knew the following spells:

 Your Spells              Type           Power        Failure   Level  Hunger
a - Infusion              Chrm           ##....       4%          1    #......
b - Shroud of Golubria    Chrm/Tloc      #.........   14%         2    ##.....
c - Spectral Weapon       Hex/Chrm       #.......     30%         3    ###....


Dungeon Overview and Level Annotations

Branches:
Dungeon (5/15)
 Temple: D:4-7

Annotations:
D:5 lennard's ghost, experienced TrCK


Message History

Lennard's ghost hits you but does no damage.
You closely miss lennard's ghost.
Lennard's ghost is lightly damaged.
Lennard's ghost hits you.
Your shroud falls apart!
You barely miss lennard's ghost.
Lennard's ghost is lightly damaged.
You are no longer magically infusing your attacks.
Lennard's ghost hits you but does no damage.
Casting: Infusion
Confirm with . or Enter, or press ? or * to list all spells.
You begin infusing your attacks with magical energy.
Lennard's ghost closely misses you.
You hit lennard's ghost.
Lennard's ghost convulses.
Lennard's ghost is lightly damaged.
Lennard's ghost hits you! Lennard's ghost hits you!
* * * LOW HITPOINT WARNING * * *
Lennard's ghost hits you!
You die...

.....# #....#
..).## #....#
#....##
#.....####.
#..........
##.........#
##.)W@...####
###...##...#
##...### #..#
#.).## ...#
........###
..# g.....#
..# g..... .#
##.... . #...


You could see lennard's ghost.

Vanquished Creatures
  The ghost of Johnny the Charmwright, an average DgSk (D:4)
  Duvessa (D:4)
  Blork the orc (D:4)
  Dowan (D:4)
  Crazy Yiuf (D:2)
  Natasha (thrice) (D:4)
  2 worker ants (D:4)
  A black bear skeleton (D:4)
  Jessica (D:3)
  4 gnolls (D:5)
  5 adders
  A giant mite (D:4)
  3 worms
  4 giant geckos
  An orc (D:3)
  8 bats
  8 hobgoblins
  10 jackals
  13 kobolds
  A quokka (D:3)
  2 ball pythons
  4 giant cockroaches
  4 goblins
  A kobold skeleton (D:4)
  7 rats
  2 fungi (D:2)
90 creatures vanquished.

Notes
Turn   | Place    | Note
--------------------------------------------------------------
     0 | D:1      | Johnny, the Demigod Skald, began the quest for the Orb.
     0 | D:1      | Reached XP level 1. HP: 17/17 MP: 3/3
   436 | D:1      | Reached skill level 1 in Armour
   959 | D:1      | Reached skill level 1 in Dodging
  1037 | D:1      | Reached skill level 3 in Charms
  1273 | D:1      | Reached XP level 2. HP: 16/24 MP: 1/4
  2468 | D:2      | Found a glowing golden altar of the Shining One.
  2733 | D:2      | Reached XP level 3. HP: 19/29 MP: 7/7
  2955 | D:2      | Found a snail-covered altar of Cheibriados.
  3722 | D:2      | Noticed Crazy Yiuf
  3735 | D:2      | Killed Crazy Yiuf
  3735 | D:2      | Reached XP level 4. HP: 31/36 MP: 3/10
  4016 | D:3      | Found a shattered altar of Ashenzari.
  4167 | D:3      | Found a sparkling altar of Nemelex Xobeh.
  4191 | D:3      | Found a white marble altar of Elyvilon.
  4255 | D:3      | Noticed Jessica
  4269 | D:3      | Learned a level 2 spell: Shroud of Golubria
  4276 | D:3      | Killed Jessica
  4969 | D:4      | Reached XP level 5. HP: 41/41 MP: 12/12
  5196 | D:4      | Noticed Natasha
  5204 | D:4      | Killed Natasha
  5286 | D:4      | Noticed Blork the orc
  5288 | D:4      | Noticed Dowan
  5292 | D:4      | Noticed Duvessa
  5294 | D:4      | Killed Blork the orc
  5294 | D:4      | Reached skill level 1 in Staves
  5304 | D:4      | Killed Duvessa
  5304 | D:4      | Reached XP level 6. HP: 35/50 MP: 3/15
  5462 | D:4      | Killed Dowan
  5598 | D:4      | Got an encrusted ring mail
  5609 | D:4      | Identified the +4 ring mail of Makhleb's Anger {Str+3 Dex+2 Int-3} (You found it on level 4 of the Dungeon)
  5613 | D:4      | Learned a level 3 spell: Spectral Weapon
  5623 | D:4      | Found a bloodstained altar of Trog.
  5703 | D:4      | Noticed Johnny's ghost (average DgSk)
  5713 | D:4      | Killed Johnny's ghost
  5713 | D:4      | Reached XP level 7. HP: 48/57 MP: 10/18
  5847 | D:4      | Noticed Natasha
  5850 | D:4      | Killed Natasha
  5905 | D:4      | Noticed Natasha
  5908 | D:4      | Killed Natasha
  5954 | D:4      | Reached skill level 1 in Stealth
  6038 | D:5      | Entered Level 5 of the Dungeon
  6060 | D:5      | Reached skill level 4 in Charms
  6117 | D:5      | Noticed lennard's ghost (experienced TrCK)
  6131 | D:5      | Slain by lennard's ghost

Action                   |  1- 3 |  4- 6 |  7- 9 || total
-------------------------+-------+-------+-------++-------
Melee: Short sword       |    49 |       |       ||    49
       Dagger            |    87 |       |       ||    87
       Hammer            |    25 |       |       ||    25
       Quarterstaff      |       |   100 |    55 ||   155
 Cast: Infusion          |     7 |    11 |     5 ||    23
       Shroud of Golubri |       |     6 |     2 ||     8
  Use: Potion            |     3 |       |       ||     3
 Stab: Distracted        |     1 |       |       ||     1
  Eat: Chunk             |     4 |     7 |     2 ||    13
       Bread ration      |     1 |       |       ||     1
